 Dungeon Sprint DCSS version 0.31.0-9-g3a7656b989 (webtiles) character file.

Game seed: 15058661165343662039

495 Groucho the Thaumaturge (level 6, -6/32 HPs)
             Began as a Deep Elf Earth Elementalist on Feb 5, 2024.
             Was a High Priest of Sif Muna.
             Mangled by an unseen horror (11 damage)
             ... in the Dungeon (Sprint VII: "The Pits").
             The game lasted 00:03:50 (2266 turns).

Groucho the Thaumaturge (DEEE)                      Turns: 2266, Time: 00:03:50

Health: -6/32      AC:  2    Str:  5    XL:     6   Next: 92%
Magic:  8/20       EV: 12    Int: 22    God:    Sif Muna [*****.]
Gold:   0          SH:  0    Dex: 15    Spells: 16/24 levels left

rFire   . . .        h - +2 dagger
rCold   . . .        (no shield)
rNeg    . . .        a - +0 robe
rPois   .            (no helmet)
rElec   .            (no cloak)
rCorr   .            (no gloves)
SInv    .            (no boots)
Will    .....        (no amulet)
Stlth   +++          (no ring)
HPRegen 0.25/turn    (no ring)
MPRegen 0.17/turn

%: no teleportation
@: no status effects
A: no striking features
a: Renounce Religion, Channel Magic, Forget Spell, Divine Exegesis


You were in the Dungeon.
You worshipped Sif Muna.
Sif Muna was extremely pleased with you.
You visited 1 branch

Inventory:

Hand Weapons
 h - a +2 dagger (weapon)
Missiles
 m - 10 stones
Armour
 a - a +0 robe (worn)
 n - a +3 ring mail
Scrolls
 j - 2 scrolls of vulnerability
 k - 5 scrolls of amnesia
 l - a scroll of butterflies
Potions
 b - 3 potions of magic
 c - 6 potions of curing
 d - 6 potions of heal wounds
 f - 3 potions of berserk rage
 i - 2 potions of invisibility


   Skills:
 + Level 2.4 Short Blades
 - Level 2.4 Dodging
 + Level 4.2 Stealth
 + Level 9.7 Spellcasting
 + Level 7.7 Conjurations
 + Level 9.1 Earth Magic
 + Level 2.6 Alchemy
 + Level 6.8 Invocations


You had 16 spell levels left.
You knew the following spells:

 Your Spells              Type           Power      Damage    Failure   Level
a - Sandblast             Erth           100%       2d20      1%          1
b - Stone Arrow           Conj/Erth      94%        3d12      1%          3
c - Petrify               Alch/Erth      36%        N/A       5%          4

Your spell library contained the following spells:

 Spells                   Type           Power      Damage    Failure   Level
 Sting                    Conj/Alch      100%       1d9       1%          1
 Passwall                 Erth           50%        N/A       1%          3
 Brom's Barrelling Bould  Conj/Erth      47%        2d6       1%          4
 Mephitic Cloud           Conj/Alch/Air  25%        N/A       4%          3
 Mercury Vapours          Alch/Air       32%        N/A       5%          2
 Fulminant Prism          Conj/Alch      16%        3d10      8%          4
 Vhi's Electric Charge    Tloc/Air       20%        N/A       52%         4
 Freezing Cloud           Conj/Ice/Air   11%        6-21      52%         5
 Chain Lightning          Conj/Air       13%        3d18      100%        9


Dungeon Overview and Level Annotations

Branches:
Dungeon (1/1)

Altars:
Ashenzari
Cheibriados
Dithmenos
Elyvilon
Fedhas
Gozag
Hepliaklqana
Kikubaaqudgha
Makhleb
Nemelex Xobeh
Okawaru
Qazlal
Ru
Sif Muna
Trog
Uskayaw
Vehumet
Wu Jian
Xom
Yredelemnul
Zin
The Shining One
Jiyva
Lugonu


Message History

Sif Muna accepts your kill.
Unknown command.
Unknown command.
You start resting.
Magic restored.
You start waiting.
You start waiting.
Done waiting.
There is an open door here.
There is an open door here.
Aiming: Stone Arrow (safe; 1% risk of failure)
Press: ? - help, Q - select action, (/) - cycle Shift-Dir - straight line, f - deep elf pyromancer
Aim: a deep elf pyromancer, wielding a +0 short sword and wearing a +0 leather armour (asleep, 100% to hit)
The stone arrow hits the deep elf pyromancer!!
The deep elf pyromancer is severely wounded.
The deep elf pyromancer shouts!
Something hits you.
Deactivating autopickup; reactivate with Ctrl-A.
The deep elf pyromancer gestures wildly while chanting.
Unknown command.
Aiming: Stone Arrow (safe; 1% risk of failure)
Press: ? - help, Q - select action, (/) - cycle Shift-Dir - straight line, f/p - deep elf pyromancer
Aim: a deep elf pyromancer, wielding a +0 short sword and wearing a +0 leather armour (severely wounded, 67% to hit)
The stone arrow hits something.
Something hits you. x2
Unknown command.
Aiming: Stone Arrow (safe; 1% risk of failure)
Press: ? - help, Q - select action, (/) - cycle Shift-Dir - straight line, f/p - deep elf pyromancer
Aim: a deep elf pyromancer, wielding a +0 short sword and wearing a +0 leather armour (severely wounded, 67% to hit)
The stone arrow misses the deep elf pyromancer.
Something hits you! Something hits you.
* * * LOW HITPOINT WARNING * * *
Unknown command.
Aiming: Stone Arrow (safe; 1% risk of failure)
Press: ? - help, Q - select action, (/) - cycle Shift-Dir - straight line, f/p - deep elf pyromancer
Aim: a deep elf pyromancer, wielding a +0 short sword and wearing a +0 leather armour (severely wounded, 67% to hit)
The stone arrow hits the fire elemental!!
The fire elemental is heavily damaged.
Something hits you!
You die...

#.##'#.....##...<...#
#.#........##.......#
#.#.......÷##.......#
#'###########.......#
#.......#.. #########
#...#...#.######
#...#...#)#...○#
#.##.##.#'#{E..#
#...#...#.@Ee..+
#...#...#'#....#
#.......'.#....#
################


You could see a deep elf pyromancer and 2 fire elementals.

Vanquished Creatures
  An ice beast (D)
  A black bear (D)
  A kobold brigand (D)
  A bullfrog (D)
  A crimson imp (D)
  A quasit (D)
  A gnoll bouda (D)
  A mummy (D)
  3 gnolls (D)
  3 adders (D)
  An adder skeleton (D)
  2 orcs (D)
  2 bat skeletons (D)
  A goblin (D)
  3 jackals (D)
  A quokka (D)
  A ball python skeleton (D)
  A jackal zombie (D)
  A rat (D)
27 creatures vanquished.

Notes
Turn   | Place    | Note
-------+----------+-------------------------------------------
     0 | D        | Groucho the Deep Elf Earth Elementalist began the quest for
                  | the Orb.
     0 | D        | Reached XP level 1. HP: 10/10 MP: 6/6
    37 | D        | Found a bloodstained altar of Trog.
    37 | D        | Found a shimmering blue altar of Sif Muna.
    37 | D        | Found a viscous altar of Jiyva.
    37 | D        | Found a hazy altar of Hepliaklqana.
    37 | D        | Found an opulent altar of Gozag.
    38 | D        | Found a glowing golden altar of the Shining One.
    38 | D        | Found a glowing silver altar of Zin.
    38 | D        | Found a basalt altar of Yredelemnul.
    38 | D        | Found a shimmering altar of Xom.
    38 | D        | Found an ornate altar of the Wu Jian Council.
    38 | D        | Found a sacrificial altar of Ru.
    38 | D        | Found a stormy altar of Qazlal.
    38 | D        | Found an iron altar of Okawaru.
    38 | D        | Found a sparkling altar of Nemelex Xobeh.
    38 | D        | Found a burning altar of Makhleb.
    38 | D        | Found a blossoming altar of Fedhas.
    38 | D        | Found a white marble altar of Elyvilon.
    38 | D        | Found a shadowy altar of Dithmenos.
    38 | D        | Found a snail-covered altar of Cheibriados.
    39 | D        | Found a radiant altar of Vehumet.
    39 | D        | Found a corrupted altar of Lugonu.
    40 | D        | Found an ancient bone altar of Kikubaaqudgha.
    40 | D        | Found a hide-covered altar of Uskayaw.
    40 | D        | Found a broken altar of Ashenzari.
    43 | D        | Became a worshipper of Sif Muna the Loreminder
   184 | D        | Reached * piety under Sif Muna
   189 | D        | Reached XP level 2. HP: 9/15 MP: 4/8
   189 | D        | Reached ** piety under Sif Muna
   466 | D        | Reached skill level 5 in Earth Magic
   470 | D        | Reached XP level 3. HP: 19/19 MP: 6/11
   470 | D        | Reached *** piety under Sif Muna
   826 | D        | Learned a level 3 spell: Stone Arrow
   830 | D        | Noticed a black bear
   845 | D        | Reached skill level 5 in Spellcasting
   867 | D        | Reached XP level 4. HP: 13/24 MP: 11/14
   868 | D        | Reached **** piety under Sif Muna
   870 | D        | Reached skill level 5 in Conjurations
   899 | D        | Noticed an ice beast
   900 | D        | Killed a black bear
   901 | D        | Reached skill level 5 in Invocations
   901 | D        | Reached XP level 5. HP: 22/28 MP: 8/17
   904 | D        | Killed an ice beast
   904 | D        | Reached ***** piety under Sif Muna
   905 | D        | Reached XP level 6. HP: 27/32 MP: 5/20
  1196 | D        | Learned a level 4 spell: Petrify
  1742 | D        | Reached skill level 1 in Short Blades
  1742 | D        | Reached skill level 1 in Alchemy
  1743 | D        | Received a gift from Sif Muna
  1750 | D        | Got Efaustruop's Handbook of the Misty Scorpion {god gift}
  2030 | D        | Noticed a deep elf pyromancer
  2264 | D        | Noticed a fire elemental
  2264 | D        | Noticed a fire elemental
  2266 | D        | Mangled by an unseen horror

Illustrated notes

Levels and vault maps discovered:
D:        pitsprint [storerooms_1, entrance_room_1, metal_vault_5, armoury_2,
          mini_pit_1, grid_room_1, main_hall_1, silver_pit, the_coven_1,
          the_vestibule_1, steel_vault_1, golden_pit, hallway_of_sentries,
          crystal_vault_6, iron_vault_1, final_vault]

Skill      XL: |  1  2  3  4  5  6 |
---------------+-------------------+-----
Earth Magic    | 4 5 6 7 8 9 |  9.1
Conjurations   | 2 3 4 6 7 |  7.7
Spellcasting   | 4 6 8 9 |  9.7
Invocations    | 3 5 6 |  6.8
Short Blades   | 2 |  2.4
Stealth        | 4 |  4.2
Alchemy        | 2 |  2.6
Dodging        | |  2.4

Action                     |  1- 3 |  4- 6 || total
---------------------------+-------+-------++-------
  Melee: Dagger            |     2 |       ||     2
   Cast: Sandblast         |    24 |    10 ||    34
         Stone Arrow       |     3 |    13 ||    16
    Use: Potion            |     3 |       ||     3
         Scroll            |     1 |       ||     1
   Stab: Sleeping          |     1 |       ||     1
 Armour: Robe              |     7 |     6 ||    13
  Dodge: Dodged            |     6 |     5 ||    11
